 Dungeon Crawl Stone Soup version 0.22-a0-812-g4c1e2d5471 (webtiles) character file.

1215 Htamos the Conjurer (level 8, -6/75 HPs)
             Began as a Tengu Conjurer on July 23, 2018.
             Mangled by an orc warrior
             ... wielding a +0 mace
              (9 damage)
             ... on level 6 of the Dungeon.
             The game lasted 00:16:40 (9229 turns).

Htamos the Conjurer (Tengu Conjurer)                Turns: 9229, Time: 00:16:41

Health: -6/75      AC:  6    Str: 17    XL:     8   Next: 46%
Magic:  15/15      EV: 13    Int: 15    God:
Gold:   318        SH:  0    Dex: 14    Spells: 14/15 levels left

rFire    . . .     SeeInvis .   n - +1 flail
rCold    + . .     Gourm    .   (no shield)
rNeg     . . .     Faith    .   x - +0 scale mail
rPois    .         Spirit   .   (helmet restricted)
rElec    .         Reflect  .   w - scarf {cloud immunity}
rCorr    .         Harm     .   (no gloves)
MR       .....                  (boots unavailable)
Stlth    ..........             (no amulet)
HPRegen  0.22/turn              t - ring of protection from cold
MPRegen  0.14/turn              (no ring)

@: berserking, very quick
A: beak, talons 3, able to fly 1
a: Fly


You were on level 6 of the Dungeon.
You were not hungry.

You visited 1 branch of the dungeon, and saw 6 of its levels.

You collected 318 gold pieces.

Inventory:

Hand Weapons
 n - a +1 flail (weapon)
 o - a +0 spear
 z - a +4 short sword
Armour
 a - a +0 robe
 m - a +0 plate armour
 p - a +0 leather armour
 q - a +0 ring mail
 w - a scarf of cloud immunity (worn)
 x - a +0 scale mail (worn)
 y - a +0 chain mail
Jewellery
 t - a ring of protection from cold (left hand)
Wands
 s - a wand of paralysis (3)
 v - a wand of iceblast (5)
Scrolls
 e - a scroll of teleportation
 h - 2 scrolls of remove curse
 j - 2 scrolls of enchant weapon
 B - a scroll of enchant armour {unknown}
 D - 4 scrolls of magic mapping {unknown}
Potions
 b - a potion of flight {unknown}
 d - 2 potions of mutation
 f - 3 potions of curing
 g - a potion of haste {unknown}
 i - 2 potions of brilliance
 l - a potion of invisibility
 u - a potion of degeneration {unknown}
 C - a potion of might {unknown}
Comestibles
 c - 8 rations


   Skills:
 * Level 5.5 Fighting
 * Level 6.6 Dodging
 - Level 2.0 Stealth
 + Level 4.1 Spellcasting
 + Level 7.5 Conjurations


You had 14 spell levels left.
You knew the following spells:

 Your Spells              Type           Power        Failure   Level  Hunger
a - Magic Dart            Conj           ####         3%          1    None

Your spell library contained the following spells:

 Spells                   Type           Power        Failure   Level  Hunger
 Iskenderun's Mystic Bla  Conj           ####....     30%         4    ####...
 Fulminant Prism          Conj/Hex       ##........   80%         4    ####...
 Dazzling Spray           Conj/Hex       ##....       38%         3    ###....
 Force Lance              Conj/Tloc      ##......     80%         4    ####...
 Searing Ray              Conj           ####..       4%          2    ##.....


Dungeon Overview and Level Annotations

Branches:
Dungeon (6/15)             Temple (0/1) D:6

Altars:
Cheibriados
Uskayaw
Wu Jian
Xom
The Shining One


Innate Abilities, Weirdness & Mutations

You have a beak for a mouth.
You have claws for feet.
You can fly.


Message History

You feel less invigorated.
You feel less confused. The orc warrior barely misses you.
You hit the orc warrior.
The orc warrior is severely wounded.
The orc warrior hits you with a mace.
* * * LOW HITPOINT WARNING * * *
You hit the orc warrior but do no damage.
Your kick misses the orc warrior.
The orc warrior is severely wounded.
The orc warrior hits you with a mace!
* * * LOW HITPOINT WARNING * * *
You barely miss the orc warrior.
The orc warrior is severely wounded.
The orc warrior hits you with a mace.
* * * LOW HITPOINT WARNING * * *
A red film seems to cover your vision as you go berserk!
You feel yourself moving faster!
You feel mighty! The orc warrior hits you with a mace!
You die...

##...##.....#########............
#....#.......#...................
#....#.......#...................
##...##.....##.....##.....##.....
##...##.....##.....##.....##.....
.................................
...................<.............
.................o...............
####.##....###..@..##...#########
####+##....###.....#########.....
...#........#....................
...#........#....................
...#........#....................
..##.......##....................
..##.......##...........####'####
............#......##...##.......
..##........#......##...##.......


You could see an orc warrior.

Vanquished Creatures
  3 ogres
  2 centaurs
  A bullfrog (D:6)
  A howler monkey (D:5)
  2 crimson imps
  A quasit (D:5)
  A jelly (D:5)
  A bullfrog skeleton (D:5)
  An orc priest (D:2)
  A hound (D:4)
  2 orc wizards
  Jessica (D:3)
  2 worker ants
  A hound skeleton (D:3)
  3 worker ant zombies (D:3)
  3 gnolls
  5 adders
  An ooze (D:2)
  An adder skeleton (D:3)
  An adder zombie (D:6)
  6 worms
  A dart slug (D:2)
  3 leopard geckos
  15 orcs
  2 ball pythons
  7 bats
  7 giant cockroaches
  8 goblins
  11 hobgoblins
  14 jackals
  6 quokkas
  5 frilled lizards
  A giant cockroach zombie (D:3)
  7 kobolds
  A quokka skeleton (D:6)
  6 rats
134 creatures vanquished.

Vanquished Creatures (others)
  5 dream sheep (D:4)
  5 toadstools (D:1)
10 creatures vanquished.

Grand Total: 144 creatures vanquished

Notes
Turn   | Place    | Note
-------+----------+-------------------------------------------
     0 | D:1      | Htamos the Tengu Conjurer began the quest for the Orb.
     0 | D:1      | Reached XP level 1. HP: 10/10 MP: 4/4
   117 | D:1      | Reached XP level 2. HP: 10/16 MP: 6/6
   561 | D:1      | Reached skill level 1 in Fighting
   953 | D:1      | Reached XP level 3. HP: 11/20 MP: 2/7
  1880 | D:2      | Found a snail-covered altar of Cheibriados.
  1986 | D:1      | Reached XP level 4. HP: 14/26 MP: 0/8
  2378 | D:2      | Found a shimmering altar of Xom.
  2591 | D:2      | Gained mutation: You can fly. [Tengu growth]
  2591 | D:2      | Reached XP level 5. HP: 10/31 MP: 6/9
  2804 | D:2      | Reached skill level 6 in Conjurations
  3124 | D:3      | Noticed Jessica
  3128 | D:3      | Killed Jessica
  3459 | D:3      | Reached XP level 6. HP: 37/37 MP: 3/11
  4955 | D:4      | Found a shimmering altar of Xom.
  4955 | D:4      | Noticed a dream sheep
  4955 | D:4      | Noticed a dream sheep
  4955 | D:4      | Noticed a dream sheep
  4955 | D:4      | Noticed a dream sheep
  4955 | D:4      | Noticed a dream sheep
  4958 | D:4      | Killed a dream sheep
  4958 | D:4      | Reached XP level 7. HP: 18/42 MP: 8/12
  4960 | D:4      | Killed a dream sheep
  4962 | D:4      | Killed a dream sheep
  4963 | D:4      | Killed a dream sheep
  4963 | D:4      | Killed a dream sheep
  5500 | D:5      | Entered Level 5 of the Dungeon
  5527 | D:5      | Found a hide-covered altar of Uskayaw.
  5681 | D:5      | Reached skill level 5 in Dodging
  6527 | D:5      | Reached skill level 7 in Conjurations
  6753 | D:5      | Found an ornate altar of the Wu Jian Council.
  7147 | D:6      | Reached XP level 8. HP: 45/48 MP: 5/14
  7301 | D:6      | Reached skill level 5 in Fighting
  7918 | D:6      | Found a staircase to the Ecumenical Temple.
  8120 | D:6      | Found a glowing golden altar of the Shining One.
  9228 | D:6      | HP: 2/50 [orc warrior/mace (5)]
  9229 | D:6      | Mangled by an orc warrior

Vault maps used:
D:1:      ldierk_walled_garden, minmay_misc_feat_chi, hex_intersection
D:2:      kennysheep_slug_shrine, lemuel_round_altar, minmay_pentomino_w4
D:3:      serial_undead, serial_undead_b, serial_undead_a, serial_undead_a,
          serial_undead_b, serial_undead_b, serial_undead_c,
          minmay_goblin_kobold_house, uniq_jessica
D:4:      kb_xom_exploding_sheep
D:5:      kennysheep_mini, eat_drink_and_be_merry_uskayaw, first_ration,
          nicolae_ossuary_entry_monument
D:6:      kennysheep_mini_moat, marbit_many_paths,
          minmay_temple_entry_from_below_a

Skill      XL: |  1  2  3  4  5  6  7  8 |
---------------+-------------------------+-----
Fighting       | 1 2 3 4 5 |  5.5
Dodging        | 3 4 6 |  6.6
Conjurations   | 6 7 |  7.5
Spellcasting   | 3 4 |  4.1
Stealth        | |  2.0

Action                   |  1- 3 |  4- 6 |  7- 9 || total
-------------------------+-------+-------+-------++-------
Melee: Unarmed           |    76 |     2 |       ||    78
       Kick              |    17 |     4 |    17 ||    38
       Peck              |    10 |     3 |    10 ||    23
       Spear             |       |    11 |       ||    11
       Flail             |       |    18 |    70 ||    88
 Cast: Magic Dart        |    81 |   136 |   171 ||   388
  Use: Scroll            |       |       |    12 ||    12
       Potion            |       |       |     3 ||     3
 Stab: Sleeping          |     1 |     1 |       ||     2
  Eat: Chunk             |     4 |    11 |    10 ||    25
       Ration            |       |       |     1 ||     1
Armor: Robe              |    21 |       |       ||    21
       Leather armour    |       |     3 |       ||     3
       Ring mail         |       |     5 |       ||     5
       Scale mail        |       |     3 |    52 ||    55
Dodge: Dodged            |    51 |    52 |    95 ||   198

Table legend:
 A = Spawn XP
 B = Non-spawn XP
 C = Spawn XP percentage of total XP
 D = Spawn monster count
 E = Non-spawn monster count
 F = Spawn count percentage of total count
 G = Total turns spent on level
                    A         B        C        D         E        F      G
               +---------+---------+-------+---------+---------+-------+---------
         Total |       0 |    1736 |   0.0 |       0 |     135 |   0.0 |  9229
               +---------+---------+-------+---------+---------+-------+---------
           D:1 |       0 |      55 |   0.0 |       0 |      24 |   0.0 |  1406
           D:2 |       0 |     168 |   0.0 |       0 |      23 |   0.0 |  1527
           D:3 |       0 |     165 |   0.0 |       0 |      30 |   0.0 |  1528
           D:4 |       0 |     276 |   0.0 |       0 |       8 |   0.0 |  1039
           D:5 |       0 |     487 |   0.0 |       0 |      31 |   0.0 |  2694
           D:6 |       0 |     585 |   0.0 |       0 |      19 |   0.0 |  1035
               +---------+---------+-------+---------+---------+-------+---------
